 Dungeon Sprint DCSS version 0.21.1-1-g345015fe64 (webtiles) character file.

265 Htamos the Chopper (level 5, -12/55 HPs)
             Began as a Deep Dwarf Fighter on July 11, 2018.
             Mangled by a slime creature (16 damage)
             ... in the Dungeon (Sprint I: "Red Sonja").
             The game lasted 00:01:34 (114 turns).

Htamos the Chopper (Deep Dwarf Fighter)              Turns: 114, Time: 00:01:35

Health: -12/55     AC:  8    Str: 21    XL:     5   Next: 99%
Magic:  5/5        EV:  9    Int:  8    God:
Gold:   162        SH: 10    Dex: 12    Spells: 4/4 levels left

rFire    . . .     SeeInvis .   a - +0 war axe
rCold    . . .     Gourm    .   c - +0 shield
rNeg     . . .     Faith    .   b - +0 scale mail
rPois    .         Spirit   .   (no helmet)
rElec    .         Reflect  .   (no cloak)
rCorr    .         Harm     .   (no gloves)
MR       .....     NoTele   +   (no boots)
Stlth    ..........             (no amulet)
HPRegen  0.00/turn              (no ring)
MPRegen  0.09/turn              (no ring)

@: non-regenerating
A: damage resistance, heal wounds, sense surroundings 1, no regeneration
a: Heal Wounds


You were in the Dungeon.
You were not hungry.

You visited 1 branch You collected 162 gold pieces.

Inventory:

Hand Weapons
 a - a +0 war axe (weapon)
Armour
 b - a +0 scale mail (worn)
 c - a +0 shield (worn)
Scrolls
 k - a scroll of blinking
Potions
 d - a potion of might
 e - a potion of curing
 g - a potion of heal wounds
 h - a potion of haste
 i - 2 potions of magic
 j - a potion of berserk rage
Comestibles
 f - a ration
 l - 2 chunks of flesh


   Skills:
 + Level 5.6 Fighting
 * Level 7.7 Axes
 + Level 7.5 Armour
 + Level 3.1 Dodging
 + Level 6.9 Shields


You had 4 spell levels left.
You didn't know any spells.

Dungeon Overview and Level Annotations

Branches:
Dungeon (1/1)

Altars:
Makhleb
Xom
Jiyva
Lugonu


Innate Abilities, Weirdness & Mutations

You are resistant to damage.
You can heal yourself by infusing magical energy.
You passively map a small area around you.
You do not regenerate.


Message History

You slice the slime creature!!
The slime creature is moderately wounded.
You block the slime creature's attack.
You slash the slime creature!
The slime creature is heavily wounded.
The slime creature hits you!
You slash the slime creature!
The slime creature is severely wounded.
The slime creature hits you.
You hit the slime creature.
The slime creature is severely wounded.
The slime creature hits you!
You hit the slime creature.
The slime creature is severely wounded.
The slime creature hits you!
* * * LOW HITPOINT WARNING * * *
You hit the slime creature.
The slime creature is severely wounded.
The slime creature hits you!!
You die...

################ ##
#<.#..').#..'..#__#
,
#..'[.#..').#.@J..+
,
#..#####'#####+#__#*
#..# *#..# ##,, *
#..# #### ≈ #..#_ **
, ,, #⌠⌠# , , #### ,
* * , , * * * ,


You could see a slime creature.

Vanquished Creatures
  Sigmund (D)
  An ogre (D)
  Ijyb (D)
3 creatures vanquished.

Notes
Turn   | Place    | Note
-------+----------+-------------------------------------------
     0 | D        | Htamos the Deep Dwarf Fighter began the quest for the Orb.
     0 | D        | Reached XP level 1. HP: 20/20 MP: 1/1
     1 | D        | Noticed Ijyb
    26 | D        | Killed Ijyb
    26 | D        | Reached skill level 1 in Dodging
    26 | D        | Reached XP level 2. HP: 28/30 MP: 2/2
    30 | D        | Noticed an ogre
    37 | D        | Killed an ogre
    37 | D        | Reached skill level 5 in Axes
    37 | D        | Reached skill level 5 in Armour
    37 | D        | Reached skill level 5 in Shields
    37 | D        | Reached XP level 3. HP: 30/37 MP: 3/3
    37 | D        | Reached XP level 4. HP: 36/45 MP: 4/4
    49 | D        | Noticed Sigmund
    62 | D        | Killed Sigmund
    62 | D        | Reached skill level 5 in Fighting
    62 | D        | Reached XP level 5. HP: 25/55 MP: 5/5
   105 | D        | Found a burning altar of Makhleb.
   105 | D        | Found a viscous altar of Jiyva.
   105 | D        | Found a shimmering altar of Xom.
   105 | D        | Found a corrupted altar of Lugonu.
   105 | D        | Noticed a slime creature
   114 | D        | Mangled by a slime creature

Skill      XL: |  1  2  3  4 |
---------------+-------------+-----
Fighting       | 3 4 5 |  5.6
Axes           | 3 5 7 |  7.7
Armour         | 4 5 7 |  7.5
Dodging        | 1 2 3 |  3.1
Shields        | 4 5 6 |  6.9

Action                   |  1- 3 |  4- 6 || total
-------------------------+-------+-------++-------
Melee: War axe           |    31 |    20 ||    51
 Abil: Heal Wounds       |       |     1 ||     1
Armor: Scale mail        |    14 |     1 ||    15
Dodge: Dodged            |    10 |     4 ||    14
Block: Shield            |    11 |     4 ||    15
